 Dungeon Crawl Stone Soup version 0.22-a0-247-gbddf880 (webtiles) character file.

57242 MatthieuS the Fighter (level 15, -25/117 HPs)
             Began as a Human Wanderer on Feb 27, 2018.
             Was a High Priest of Okawaru.
             Killed from afar by Azrael (54 damage)
             ... with damnation
             ... on level 2 of the Orcish Mines.
             The game lasted 01:27:28 (27580 turns).

MatthieuS the Fighter (Human Wanderer)             Turns: 27580, Time: 01:27:28

Health: -25/117    AC: 24    Str: 13    XL:     15   Next: 25%
Magic:  20/22      EV: 18    Int: 15    God:    Okawaru [*****.]
Gold:   1291       SH:  8    Dex: 17    Spells: 18/18 levels left

rFire    + + +     SeeInvis .   w - +4 hunting sling (freeze)
rCold    + . .     Gourm    +   C - +0 buckler
rNeg     . . .     Faith    .   f - +0 fire dragon scales
rPois    +         Spirit   .   y - +1 helmet {Int+3}
rElec    +         Reflect  .   H - +0 cloak {+Inv}
rCorr    +         Harm     .   E - +2 pair of gloves
MR       ++...                  z - +1 pair of boots (curse)
Stlth    ++........             d - amulet of the gourmand
HPRegen  0.29/turn              M - ring of ice
MPRegen  0.18/turn              i - ring of protection from fire

@: resistant, heroism, finesse
A: magic resistance 1, weak 1
a: Heroism, Finesse, Renounce Religion, Evoke Invisibility


You were on level 2 of the Orcish Mines.
You worshipped Okawaru.
Okawaru was extremely pleased with you.
You were very full.

You visited 4 branches of the dungeon, and saw 18 of its levels.
You also visited: Volcano.

You collected 1699 gold pieces.
You spent 408 gold pieces at shops.

Inventory:

Hand Weapons
 a - a +5 dagger of venom
 e - a +1 fustibalus of flaming
 g - a +4 hunting sling of flaming
 q - a +0 scimitar of flaming
 w - a +4 hunting sling of freezing (weapon)
Missiles
 n - 88 stones (quivered)
 s - a throwing net
Armour
 f - +0 fire dragon scales (worn)
 u - the +0 pair of gloves "Gocroqu" {-Tele rElec rN++ rCorr}
   (You bought it in a shop on level 2 of the Orcish Mines)

   It insulates you from electricity.
   It greatly protects you from negative energy.
   It prevents most forms of teleportation.
   It protects you from acid and corrosion.
 v - the +2 plate armour of Somewhere Else {rPois Int+2 Dex+4}
   (Okawaru gifted it to you on level 6 of the Lair of Beasts)

   It affects your intelligence (+2).
   It affects your dexterity (+4).
   It protects you from poison.
 y - a +1 helmet of intelligence (worn)
 z - a cursed +1 pair of boots (worn)
 C - a +0 buckler (worn)
 E - a +2 pair of gloves (worn)
 H - a +0 cloak of invisibility (worn)
Jewellery
 d - an amulet of the gourmand (around neck)
 i - a ring of protection from fire (right hand)
 r - an uncursed ring of flight
 I - an uncursed ring of protection from fire
 J - an uncursed ring of poison resistance
 L - an uncursed ring of positive energy
 M - a ring of ice (left hand)
Wands
 m - a wand of random effects (50)
 p - a wand of digging (50)
 D - a wand of flame (84)
Scrolls
 c - 10 scrolls of remove curse
 j - 3 scrolls of magic mapping
 k - 2 scrolls of teleportation
 o - 4 scrolls of amnesia
 x - a scroll of enchant armour
 N - a scroll of immolation
Potions
 h - 2 potions of cancellation
 l - a potion of flight
 A - 2 potions of mutation
 F - a potion of resistance
 G - a potion of brilliance
 K - a potion of haste
 O - a potion of curing
 Q - 2 potions of magic
Miscellaneous
 T - a fan of gales
 U - a lamp of fire (inert)
Comestibles
 b - 36 rations


   Skills:
 + Level 10.8(15.8) Fighting
   Level 5.0(10.0) Polearms
 + Level 10.7(15.7) Slings
 + Level 10.8(15.8) Armour
 + Level 10.7(15.7) Dodging
 - Level 1.0(6.0) Stealth
 + Level 9.3(14.3) Shields
 - Level 2.0 Spellcasting
   Level 1.0 Hexes
   Level 2.0 Translocations
 + Level 10.3 Invocations
 - Level 4.0 Evocations


You had 18 spell levels left.
You didn't know any spells.

Dungeon Overview and Level Annotations

Branches:
Dungeon (9/15)             Temple (1/1) D:5            Lair (6/6) D:9
  Swamp (0/4) Lair:4        Snake (0/4) Lair:4        Slime (0/5) Lair:6
    Orc (2/2) D:9
    Elf: Orc:2

Altars:
Ashenzari
Cheibriados
Dithmenos
Elyvilon
Fedhas
Gozag
Hepliaklqana
Kikubaaqudgha
Makhleb
Nemelex Xobeh
Okawaru
Qazlal
Ru
Sif Muna
Trog
Uskayaw
Vehumet
Wu Jian
Xom
Yredelemnul
Zin
The Shining One
Jiyva

Shops:
Orc:1 %   Orc:2 [

Annotations:
D:3 1 runed door
Orc:2 Azrael, Erolcha, Saint Roka


Innate Abilities, Weirdness & Mutations

You are resistant to hostile enchantments. (MR+)
You are weak. (Str -2)


Message History

You shoot a stone. The stone barely misses Azrael.
You feel better. You block Azrael's attack. Something hits you!
* * * LOW HITPOINT WARNING * * *
You feel better. You block Azrael's attack.
You hear some strange, mumbled words.
A bolt of lightning appears from out of thin air!
The bolt of lightning hits you! You resist.
* * * LOW HITPOINT WARNING * * *
Firing (i - inventory. (/) - cycle)
n - 90 stones (quivered)
Press: ? - help, Shift-Dir - straight line, f/p - Azrael
Aim: Azrael, wielding a scimitar of flaming (almost dead, poisoned)
You shoot a stone. The stone barely misses Azrael.
Firing (i - inventory. (/) - cycle)
n - 89 stones (quivered)
Press: ? - help, Shift-Dir - straight line, f/p - Azrael
Aim: Azrael, wielding a scimitar of flaming (almost dead, poisoned)
You shoot a stone. The stone hits Azrael!
The stone freezes Azrael.
Azrael is almost dead.
Azrael gestures at you.
The sphere of damnation explodes!
The damnation engulfs you!
You die...

....§.)......................
.##..(.............(.........
##.....................#..#
..§........∩...........##...
§§##..#....[.............##.#
. ......................#####
.......................#.#
#......##.{R)..............
#...... #..@[...............
...#..##...............##.#
.#....................## #
...........#......##
..........#...#.###
#....##........## ##.##
##.##.#.## ## ########


You could see Azrael.

Vanquished Creatures
  Rupert (Lair:6)
  Gastronok (Lair:3)
  A stone giant (Orc:1)
  Fannar (Lair:1)
  6 hydras
  A merfolk avatar (Lair:6)
  3 two-headed ogres
  10 death yaks
  2 orc high priests (Orc:1)
  A sea snake (Lair:6)
  A deep troll (Orc:1)
  3 lindwurms
  A harpy (Lair:6)
  2 orc sorcerers (Orc:1)
  6 deep elf magi
  An orc knight (Orc:1)
  The ghost of Partyfoot the Ducker, a novice HaGl of Nemelex Xobeh (D:5)
  2 elephants (Lair:6)
  2 black mambas (Lair:1)
  6 spiny frogs
  4 molten gargoyles (Volcano)
  4 rime drakes
  An efreet (Volcano)
  3 komodo dragons
  A troll (Orc:2)
  4 polar bears (Lair:6)
  A queen bee (Lair:2)
  3 hornets
  Prince Ribbit (D:5)
  A wind drake (Lair:6)
  4 hippogriffs
  12 blink frogs
  Sigmund (D:3)
  A wyvern (Lair:6)
  10 fire elementals
  25 yaks
  2 basilisks
  Menkaure (D:5)
  6 vampire mosquitoes (Lair:4)
  6 swamp worms (Lair:2)
  6 wargs
  Edmund (D:5)
  A naga (Lair:4)
  10 water moccasins
  2 hell hounds
  3 porcupines
  Duvessa (D:5)
  22 orc warriors
  2 ice beasts (D:6)
  An eye of draining (D:8)
  9 ogres
  2 phantoms
  3 centaurs
  23 wolves
  6 crocodiles
  A big kobold (D:7)
  12 bullfrogs
  A gnoll sergeant (D:5)
  Dowan (D:5)
  2 earth elementals (Volcano)
  25 killer bees (Lair:2)
  A howler monkey (D:6)
  4 crimson imps
  A bullfrog zombie (D:7)
  A quasit (D:8)
  13 orc priests
  2 jellies (D:9)
  5 hounds
  20 orc wizards
  A bullfrog skeleton (D:6)
  Jessica (D:2)
  Natasha (thrice) (D:3)
  A worker ant (D:7)
  Ijyb (D:4)
  An iguana (D:8)
  A killer bee zombie (D:9)
  A howler monkey zombie (D:8)
  12 gnolls
  16 adders
  4 shadow imps
  An ooze (D:4)
  2 adder zombies
  2 adder skeletons
  17 worms
  4 dart slugs
  5 leopard geckos
  79 orcs
  6 bats
  2 bat zombies (D:2)
  2 giant cockroaches
  13 goblins
  12 hobgoblins
  7 jackals
  A quokka (D:3)
  7 ball pythons (D:2)
  2 ball python skeletons (D:2)
  3 frilled lizards
  A giant cockroach zombie (D:2)
  A jackal skeleton (D:2)
  A jackal zombie (D:2)
  19 kobolds
  A quokka skeleton (D:7)
  5 rats
  A bush (Lair:4)
  A fungus (Lair:2)
  3 plants
564 creatures vanquished.

Vanquished Creatures (others)
  An orc wizard (Orc:2)
  4 fungi (Lair:6)
  14 plants
19 creatures vanquished.

Grand Total: 583 creatures vanquished

Notes
Turn   | Place    | Note
-------+----------+-------------------------------------------
     0 | D:1      | MatthieuS the Human Wanderer began the quest for the Orb.
     0 | D:1      | MatthieuS set off with: a +2 spear, a ration, a potion of lignification, a +0 robe
     0 | D:1      | Reached XP level 1. HP: 16/16 MP: 3/3
   151 | D:1      | Reached XP level 2. HP: 10/22 MP: 5/5
   486 | D:1      | Reached skill level 1 in Armour
   488 | D:1      | Reached skill level 1 in Dodging
   488 | D:1      | Reached XP level 3. HP: 28/28 MP: 6/6
   837 | D:2      | Noticed Jessica
   839 | D:2      | Killed Jessica
   839 | D:2      | Reached XP level 4. HP: 34/34 MP: 7/7
  1122 | D:2      | Reached skill level 1 in Slings
  1307 | D:2      | Reached XP level 5. HP: 40/40 MP: 8/8
  2280 | D:3      | Noticed Natasha
  2289 | D:3      | Killed Natasha
  2289 | D:3      | Reached XP level 6. HP: 29/47 MP: 9/9
  2320 | D:3      | Noticed Natasha
  2325 | D:3      | Killed Natasha
  2372 | D:3      | Noticed Sigmund
  2449 | D:3      | Killed Sigmund
  2449 | D:3      | Reached XP level 7. HP: 38/52 MP: 10/10
  2767 | D:3      | Noticed Natasha
  2779 | D:3      | Killed Natasha
  3082 | D:3      | Found a runed door.
  4442 | D:4      | Reached XP level 8. HP: 44/60 MP: 11/11
  4511 | D:4      | Noticed Ijyb
  4516 | D:4      | Killed Ijyb
  4802 | D:5      | Entered Level 5 of the Dungeon
  4804 | D:5      | Noticed Prince Ribbit
  5132 | D:5      | Noticed a two-headed ogre
  5138 | D:5      | Killed a two-headed ogre
  5138 | D:5      | Reached skill level 1 in Shields
  5138 | D:5      | Reached XP level 9. HP: 67/67 MP: 12/12
  5147 | D:5      | Noticed Partyfoot's ghost (novice HaGl)
  5154 | D:5      | Noticed Duvessa
  5157 | D:5      | Noticed Dowan
  5418 | D:5      | Killed Duvessa
  5418 | D:5      | Reached skill level 5 in Fighting
  5422 | D:5      | Killed Dowan
  5568 | D:5      | Killed Partyfoot's ghost
  5568 | D:5      | Reached skill level 5 in Polearms
  5707 | D:5      | Noticed Edmund
  5721 | D:5      | Killed Edmund
  5748 | D:5      | Killed Prince Ribbit
  5748 | D:5      | Reached skill level 5 in Armour
  6084 | D:5      | Found a staircase to the Ecumenical Temple.
  6123 | Temple   | Entered the Ecumenical Temple
  6222 | Temple   | Became a worshipper of Warmaster Okawaru
  6495 | D:5      | Noticed Menkaure
  6510 | D:5      | Killed Menkaure
  6510 | D:5      | Reached skill level 5 in Dodging
  6953 | D:6      | Found an opulent altar of Gozag.
  6969 | D:6      | Reached skill level 5 in Slings
  6969 | D:6      | Reached XP level 10. HP: 74/75 MP: 13/13
  6970 | D:6      | Found an ornate altar of the Wu Jian Council.
  7021 | D:6      | Found a hide-covered altar of Uskayaw.
  7023 | D:6      | Found a shattered altar of Ashenzari.
  7035 | D:6      | Reached skill level 1 in Invocations
  7580 | D:6      | Reached * piety under Okawaru
  8609 | D:7      | Got a scorched spear
  8615 | D:7      | Identified the +6 spear of Getituaxza {pierce, rPois rF- MR- Str+8 SInv} (You found it on level 7 of the Dungeon)
  8960 | D:8      | Reached ** piety under Okawaru
  9105 | D:8      | Noticed a two-headed ogre
  9116 | D:8      | Killed a two-headed ogre
  9425 | D:8      | Found a bloodstained altar of Trog.
  9449 | D:8      | Reached XP level 11. HP: 82/83 MP: 0/14
  9555 | D:8      | Noticed a two-headed ogre
  9559 | D:8      | Killed a two-headed ogre
  9559 | D:8      | Reached *** piety under Okawaru
  9830 | D:8      | Found a shadowy altar of Dithmenos.
 10416 | D:9      | Found a staircase to the Orcish Mines.
 10446 | D:9      | Reached **** piety under Okawaru
 10471 | D:9      | Reached skill level 5 in Invocations
 11211 | D:9      | Found a staircase to the Lair.
 11501 | Lair:1   | Entered Level 1 of the Lair of Beasts
 11652 | Lair:1   | Noticed Fannar
 11696 | Lair:1   | Killed Fannar
 11696 | Lair:1   | Received a gift from Okawaru
 11749 | Lair:1   | Found a dark tunnel.
 11758 | Volcano  | Entered a volcano
 11997 | Volcano  | Reached skill level 5 in Shields
 12281 | Volcano  | Reached ***** piety under Okawaru
 12305 | Volcano  | Noticed a lindwurm
 12305 | Volcano  | Noticed a lindwurm
 12353 | Volcano  | Received a gift from Okawaru
 12705 | Volcano  | Killed a lindwurm
 12705 | Volcano  | Reached XP level 12. HP: 71/92 MP: 14/16
 12819 | Volcano  | Gained mutation: You are weak. (Str -2) [potion of mutation]
 12819 | Volcano  | Gained mutation: You are resistant to hostile enchantments. (MR+) [potion of mutation]
 14200 | D:3      | You fall through a shaft for 3 floors!
 14894 | Lair:1   | Noticed a six-headed hydra
 14902 | Lair:1   | Killed a six-headed hydra
 14902 | Lair:1   | Received a gift from Okawaru
 15952 | Lair:2   | Noticed a four-headed hydra
 15963 | Lair:2   | Killed a four-headed hydra
 15963 | Lair:2   | Reached XP level 13. HP: 100/100 MP: 15/18
 16226 | Lair:2   | Noticed a six-headed hydra
 16236 | Lair:2   | Killed a one-headed hydra
 16907 | Lair:3   | Noticed a seven-headed hydra
 16913 | Lair:3   | Killed a seven-headed hydra
 16999 | Lair:3   | Noticed Gastronok
 17022 | Lair:3   | Killed Gastronok
 17515 | Lair:4   | Received a gift from Okawaru
 17714 | Lair:4   | Noticed a seven-headed hydra
 17724 | Lair:4   | Killed a seven-headed hydra
 17782 | Lair:4   | Found a staircase to the Snake Pit.
 17840 | Lair:4   | Received a gift from Okawaru
 17929 | Lair:4   | Found a staircase to the Swamp.
 19688 | Lair:5   | Noticed an eight-headed hydra
 19700 | Lair:5   | Killed an eight-headed hydra
 19930 | Lair:5   | Reached XP level 14. HP: 78/109 MP: 14/20
 20647 | Lair:6   | Entered Level 6 of the Lair of Beasts
 20898 | Lair:6   | Reached skill level 10 in Fighting
 21119 | Lair:6   | Reached skill level 10 in Armour
 21412 | Lair:6   | Noticed Rupert
 21431 | Lair:6   | Received a gift from Okawaru
 21431 | Lair:6   | Reached skill level 10 in Dodging
 21432 | Lair:6   | Got a distressingly furry plate armour {god gift}
 21601 | Lair:5   | Identified the +2 plate armour of Somewhere Else {rPois Int+2 Dex+4} (Okawaru gifted it to you on level 6 of the Lair of Beasts)
 21711 | Lair:6   | Reached skill level 10 in Slings
 22013 | Lair:6   | Paralysed by Rupert for 2 turns
 22019 | Lair:6   | Killed Rupert
 23278 | Lair:6   | Found a viscous altar of Jiyva.
 23278 | Lair:6   | Found a staircase to the Slime Pits.
 23784 | Orc:1    | Entered Level 1 of the Orcish Mines
 23928 | Orc:1    | Received a gift from Okawaru
 24083 | Orc:1    | Found Oqoutima's Food Emporium.
 24128 | Orc:1    | Reached skill level 10 in Invocations
 24259 | Orc:1    | Reached XP level 15. HP: 74/117 MP: 19/22
 24485 | Orc:1    | Noticed a stone giant
 24512 | Orc:1    | Killed a stone giant
 24983 | Orc:2    | Entered Level 2 of the Orcish Mines
 24983 | Orc:2    | Found Muigok's Antique Armour Shop.
 24983 | Orc:2    | Noticed Saint Roka
 26992 | Orc:2    | Received a gift from Okawaru
 27145 | Orc:2    | Bought a pair of transparent gloves for 228 gold pieces
 27145 | Orc:2    | Bought a glowing cloak for 180 gold pieces
 27167 | Orc:1    | Identified the +0 pair of gloves "Gocroqu" {-Tele rElec rN++ rCorr} (You bought it in a shop on level 2 of the Orcish Mines)
 27252 | Orc:2    | Noticed Azrael
 27528 | Orc:2    | Noticed Erolcha
 27580 | Orc:2    | Killed from afar by Azrael

Vault maps used:
D:1:      scummos_arrival_star
D:2:      serial_undead, serial_undead_a, serial_undead_c, serial_undead_f,
          serial_undead_c, serial_undead_e, serial_undead_d, solitary_fountain,
          st_stairs_1, minmay_snake_closets, uniq_jessica
D:3:      uniq_natasha, uniq_sigmund, uniq_crazy_yiuf_cottage
D:4:      corexii_shack_village, uniq_ijyb
D:5:      minmay_temple_entry_butterflies, first_ration, uniq_prince_ribbit1,
          uniq_edmund, uniq_menkaure, uniq_duvessa
D:6:      chequers_temple_overflow_statue_of_worship, serial_column_ruins,
          column_ruins_circle_small, column_ruins_corridor_corner,
          column_ruins_open_large, column_ruins_open_tiny,
          column_ruins_columns_corner
D:8:      old_standard_altar, trog_eyes_of_draining
D:9:      erik_lair_orcish_takeover, erik_orc_3
Temple:   minmay_crystal_spiral_temple
Lair:1:   nicolae_volcano_entry_hallway, beast_lair_carwin_1, uniq_fannar
Lair:2:   special_room, worms_lemuel
Lair:3:   hangedman_lair_unloving_vines, serial_bayou_crossing,
          lemuel_fruit_fields, uniq_gastronok
Lair:4:   minmay_swamp_entry_swarm, guppyfry_snake_entry_island,
          minmay_hedge_maze
Lair:6:   gammafunk_lair_ancient_temple, dpeg_slime_entry_enclosed_altar,
          grunt_forest_stairs_basic, uniq_rupert
Orc:1:    guppyfry_orc_lava_fort
Orc:2:    st_orc_elflike, serial_shops, shop, elves_outpost_lemuel,
          uniq_saint_roka, uniq_erolcha, uniq_azrael
Volcano:  volcano_aerie

Skill      XL: |  1  2  3  4  5  6  7  8  9 10 11 12 13 14 |
---------------+-------------------------------------------+-----
Armour         | 1 2 3 4 5 6 7 8 9 10 | 10.8
Dodging        | 1 2 3 4 5 6 7 8 9 10 | 10.7
Polearms       | 2 3 4 5 |  5.0
Slings         | 1 2 3 4 5 6 7 8 9 10 | 10.7
Fighting       | 3 4 5 6 7 8 9 10 | 10.8
Evocations     | 3 4 |  4.0
Shields        | 1 3 4 5 6 7 9 |  9.3
Invocations    | 4 5 7 8 10 | 10.3
Stealth        | |  1.0
Spellcasting   | |  2.0
Hexes          | |  1.0
Translocations | |  2.0

Action                   |  1- 3 |  4- 6 |  7- 9 | 10-12 | 13-15 || total
-------------------------+-------+-------+-------+-------+-------++-------
Melee: Spear             |    68 |       |       |   124 |    49 ||   241
       Hunting sling     |       |       |     1 |       |     1 ||     2
       Dagger            |       |       |     2 |    86 |   307 ||   395
       Scimitar          |       |       |       |       |    35 ||    35
 Fire: Hunting sling     |    13 |   132 |   426 |   903 |  1352 ||  2826
       Fustibalus        |       |       |       |       |    25 ||    25
Throw: Throwing net      |       |     1 |       |     1 |       ||     2
Invok: Heroism           |       |       |       |    14 |    38 ||    52
       Finesse           |       |       |       |       |     4 ||     4
 Abil: Evoke Flight      |       |       |       |     3 |       ||     3
Evoke: Wand              |       |       |    13 |    20 |    20 ||    53
       Lamp of fire      |       |       |       |       |     1 ||     1
  Use: Scroll            |       |       |     3 |    23 |     9 ||    35
       Potion            |       |       |    13 |    21 |    13 ||    47
 Stab: Sleeping          |     1 |       |       |     1 |       ||     2
       Invisible         |       |       |       |    12 |       ||    12
  Eat: Chunk             |       |     3 |     6 |    11 |    35 ||    55
       Ration            |       |     1 |     2 |     5 |     2 ||    10
Armor: Robe              |     6 |       |       |       |       ||     6
       Ring mail         |    27 |    33 |    60 |    55 |       ||   175
       Skin              |       |       |    45 |       |       ||    45
       Plate armour      |       |       |       |   111 |       ||   111
       Fire dragon scale |       |       |       |    55 |   416 ||   471
Dodge: Dodged            |    34 |    43 |   114 |   423 |   701 ||  1315
Block: Buckler           |       |       |    22 |   203 |   383 ||   608
       Rpst.: Scimitar   |       |       |       |       |     1 ||     1

Table legend:
 A = Spawn XP
 B = Non-spawn XP
 C = Spawn XP percentage of total XP
 D = Spawn monster count
 E = Non-spawn monster count
 F = Spawn count percentage of total count
 G = Total turns spent on level
                    A         B        C        D         E        F      G
               +---------+---------+-------+---------+---------+-------+---------
         Total |       0 |   81775 |   0.0 |       0 |     559 |   0.0 | 27580
               +---------+---------+-------+---------+---------+-------+---------
           D:1 |       0 |      38 |   0.0 |       0 |      19 |   0.0 |   637
           D:2 |       0 |     205 |   0.0 |       0 |      44 |   0.0 |  1554
           D:3 |       0 |     470 |   0.0 |       0 |      32 |   0.0 |  1420
           D:4 |       0 |     382 |   0.0 |       0 |      42 |   0.0 |  1458
           D:5 |       0 |    2701 |   0.0 |       0 |      23 |   0.0 |  1767
           D:6 |       0 |    1114 |   0.0 |       0 |      24 |   0.0 |  1176
           D:7 |       0 |    1406 |   0.0 |       0 |      28 |   0.0 |   890
           D:8 |       0 |    2831 |   0.0 |       0 |      20 |   0.0 |  1469
           D:9 |       0 |    1689 |   0.0 |       0 |      38 |   0.0 |  1203
        Lair:1 |       0 |    6578 |   0.0 |       0 |      23 |   0.0 |  1855
        Lair:2 |       0 |    7281 |   0.0 |       0 |      60 |   0.0 |  1691
        Lair:3 |       0 |    6313 |   0.0 |       0 |       7 |   0.0 |  1367
        Lair:4 |       0 |    7170 |   0.0 |       0 |      27 |   0.0 |  1485
        Lair:5 |       0 |    3748 |   0.0 |       0 |      14 |   0.0 |  1299
        Lair:6 |       0 |   21299 |   0.0 |       0 |      60 |   0.0 |  2813
         Orc:1 |       0 |   10294 |   0.0 |       0 |      67 |   0.0 |  3351
         Orc:2 |       0 |    3301 |   0.0 |       0 |      14 |   0.0 |   445
       Volcano |       0 |    4955 |   0.0 |       0 |      17 |   0.0 |  1530
               +---------+---------+-------+---------+---------+-------+---------
